 Dungeon Crawl Stone Soup version 0.26.1-2-gb8aa6d0cf2 (webtiles) character file.

Game seed: 5473368251073479956

1926 McKennaii the Thaumaturge (level 8, -2/36 (42) HPs)
             Began as a Deep Elf Fire Elementalist on Feb 12, 2021.
             Was an Initiate of Vehumet.
             Slain by a wight
             ... wielding a +3 hand axe
              (5 damage)
             ... on level 6 of the Dungeon.
             The game lasted 00:15:53 (10299 turns).

McKennaii the Thaumaturge (DEFE)                   Turns: 10299, Time: 00:15:54

HP:   -2/36 (42)    AC:  5    Str:  5    XL:     8   Next: 96%
MP:   28/32         EV: 15    Int: 23    God:    Vehumet [......]
Gold: 361           SH:  0    Dex: 15    Spells: 17/26 levels left

rFire    + . .     SeeInvis .   (no weapon)
rCold    . . .     Faith    .   (no shield)
rNeg     . . .     Spirit   .   E - +0 robe {rF+}
rPois    .         Reflect  .   j - +0 helmet
rElec    .         Harm     .   B - +0 cloak
rCorr    .         Rampage  .   t - +0 pair of gloves
Will     +....                  (no boots)
Stlth    ++........             (no amulet)
HPRegen  0.12/turn              p - ring of magical power
MPRegen  0.23/turn              h - ring of willpower

@: heavily drained
A: no striking features
a: Renounce Religion


You were on level 6 of the Dungeon.
You worshipped Vehumet.
Vehumet was noncommittal.
You visited 2 branches of the dungeon, and saw 8 of its levels.

You collected 498 gold pieces.
You spent 137 gold pieces at shops.

Inventory:

Armour
 j - a +0 helmet (worn)
 t - a +0 pair of gloves (worn)
 w - the +4 robe of Reason {+Inv rF- rN+}
   (You took it off an orc on level 5 of the Dungeon)

   It makes you vulnerable to fire.
   It protects you from negative energy.
   It lets you turn invisible.
 B - a +0 cloak (worn)
 E - a +0 robe of fire resistance (worn)
Jewellery
 f - an uncursed ring of positive energy
 h - a ring of willpower (right hand)
 k - an uncursed ring of flight
 p - a ring of magical power (left hand)
Wands
 G - a wand of flame (20)
Scrolls
 a - a scroll of fog
 c - a scroll of identify
 e - 5 scrolls of enchant weapon
 g - a scroll of teleportation
 i - a scroll of blinking
 l - 10 scrolls of remove curse
 r - a scroll of enchant armour
 s - a scroll of immolation
 y - a scroll of amnesia {unknown}
 A - a scroll of magic mapping {unknown}
 D - a scroll of random uselessness {unknown}
Potions
 b - 3 potions of lignification
 d - 4 potions of flight
 m - 6 potions of curing
 n - a potion of resistance
 o - 2 potions of mutation
 q - a potion of brilliance {unknown}
 u - 2 potions of haste
 v - 3 potions of invisibility
 x - a potion of attraction
 z - 2 potions of ambrosia {unknown}
 C - a potion of cancellation
 F - a potion of might {unknown}


   Skills:
 + Level 0.9 Fighting
 * Level 4.9 Dodging
 + Level 3.0 Stealth
 * Level 9.5 Spellcasting
 * Level 5.4 Conjurations
 * Level 8.1 Fire Magic


You had 17 spell levels left.
You knew the following spells:

 Your Spells              Type           Power        Failure   Level
a - Foxfire               Conj/Fire      100%         1%          1
b - Conjure Flame         Conj/Fire      42%          1%          3
c - Fireball              Conj/Fire      21%          10%         5

Your spell library contained the following spells:

 Spells                   Type           Power        Failure   Level
 Inner Flame              Hex/Fire       29%          3%          3
 Sticky Flame             Conj/Fire      42%          3%          4
 Corona                   Hex            11%          6%          1
 Dazzling Flash           Conj/Hex       46%          6%          3
 Ensorcelled Hibernation  Hex/Ice        20%          9%          2
 Confusing Touch          Hex            10%          19%         3
 Tukima's Dance           Hex            10%          19%         3


Dungeon Overview and Level Annotations

Branches:
Dungeon (7/15)             Temple (1/1) D:7

Altars:
Ashenzari
Cheibriados
Dithmenos
Elyvilon
Fedhas
Gozag
Hepliaklqana
Kikubaaqudgha
Nemelex Xobeh
Okawaru
Qazlal
Ru
Sif Muna
Trog
Uskayaw
Vehumet
Xom
Yredelemnul
Zin
The Shining One

Shops:
D:5 *   D:7 [

Annotations:
D:6 Maggie


Message History

You are too injured to fight recklessly!
Casting: Foxfire (safe; 1% risk of failure)
Confirm with . or Enter, or press ? or * to list all spells.
You conjure some foxfire!
The foxfire hits the wight but does no damage.
The wight is heavily damaged.
Your foxfire dissipates!
Casting: Foxfire (safe; 1% risk of failure)
Confirm with . or Enter, or press ? or * to list all spells.
You conjure some foxfire!
The foxfire hits the wight.
The wight is heavily damaged.
The foxfire hits the wight but does no damage.
The wight is heavily damaged.
Casting: Foxfire (safe; 1% risk of failure)
Confirm with . or Enter, or press ? or * to list all spells.
You conjure some foxfire!
The wight hits you with a +3 hand axe!
* * * LOW HITPOINT WARNING * * *
You feel drained.
You die...

#.#...............
#.#...............
#.#...............
#.#...............
.##########.#...............
............#..............#
#........#...............##
.........#zv.#...##########
#######......@[.#........#....
#............v................ #
##.........##...#.........#.[..
###..........##.#...........#....
........#..........#..........###
#.......#..[................###
#.......#..........#........#
........#..........#........#
.##..##...........##........#


You could see a wight.

Vanquished Creatures
  A sky beast (D:4)
  An ogre (D:5)
  2 phantoms
  A centaur (D:5)
  A gnoll sergeant (D:7)
  A water moccasin zombie (D:5)
  A scorpion (D:6)
  6 killer bees (D:7)
  A howler monkey (D:4)
  9 wights
  A bullfrog zombie (D:7)
  Crazy Yiuf (D:5)
  2 bullfrog skeletons (D:5)
  Jessica (D:2)
  Terence (D:3)
  An iguana (D:6)
  3 orc wizards (D:3)
  5 worker ants
  Robin (D:2)
  5 gnolls (D:7)
  4 adders
  A white imp (D:6)
  4 ufetubi
  2 adder skeletons
  2 worms (D:2)
  2 dart slugs
  3 leopard geckos
  16 orcs
  A giant cockroach (D:2)
  16 goblins
  5 hobgoblins
  20 jackals
  7 kobolds
  3 quokkas
  A ball python (D:7)
  9 bats
  3 frilled lizards
  A leopard gecko skeleton (D:5)
  A quokka zombie (D:7)
  5 rats
151 creatures vanquished.

Vanquished Creatures (others)
  912 foxfires
912 creatures vanquished.

Grand Total: 1063 creatures vanquished

Notes
Turn   | Place    | Note
-------+----------+-------------------------------------------
     0 | D:1      | McKennaii the Deep Elf Fire Elementalist began the quest
                  | for the Orb.
     0 | D:1      | Reached XP level 1. HP: 10/10 MP: 6/6
   282 | D:1      | Reached XP level 2. HP: 15/15 MP: 5/8
  1246 | D:1      | Reached XP level 3. HP: 19/19 MP: 5/10
  1249 | D:1      | Reached skill level 4 in Spellcasting
  1566 | D:2      | Noticed Robin
  1704 | D:2      | Killed Robin
  1924 | D:2      | Reached XP level 4. HP: 24/24 MP: 2/12
  2007 | D:2      | Found a stormy altar of Qazlal.
  2357 | D:2      | Found a shimmering blue altar of Sif Muna.
  2408 | D:2      | Noticed Jessica
  2415 | D:2      | Killed Jessica
  2685 | D:2      | Learned a level 3 spell: Conjure Flame
  3139 | D:3      | Noticed Terence
  3603 | D:3      | Reached XP level 5. HP: 28/28 MP: 14/14
  3647 | D:3      | Reached skill level 5 in Fire Magic
  3862 | D:3      | Found an ancient bone altar of Kikubaaqudgha.
  4081 | D:3      | Killed Terence
  4082 | D:3      | Reached skill level 5 in Spellcasting
  4367 | D:3      | Found a shimmering blue altar of Sif Muna.
  4597 | D:3      | Reached XP level 6. HP: 32/32 MP: 16/16
  5654 | D:4      | Learned a level 5 spell: Fireball
  6017 | D:5      | Entered Level 5 of the Dungeon
  6017 | D:5      | Noticed a sky beast
  6248 | D:4      | Killed a sky beast
  6249 | D:4      | Reached skill level 6 in Spellcasting
  6301 | D:5      | Reached XP level 7. HP: 34/36 MP: 18/18
  6439 | D:5      | Found a runed translucent door.
  6440 | D:5      | Noticed Crazy Yiuf
  6498 | D:5      | Identified the +4 robe of Reason {+Inv rF- rN+}
  6637 | D:5      | Reached skill level 7 in Spellcasting
  7256 | D:5      | Found Rochiwey's Assorted Antiques.
  7260 | D:5      | Bought a purple potion for 25 gold pieces
  7260 | D:5      | Bought a scroll labelled OCUOKLUFAA for 28 gold pieces
  7260 | D:5      | Bought a scroll labelled OCUOKLUFAA for 28 gold pieces
  7260 | D:5      | Bought a scroll labelled OCUOKLUFAA for 28 gold pieces
  7260 | D:5      | Bought a scroll labelled MIKYTT ZUNUKI for 28 gold pieces
  7533 | D:5      | Killed Crazy Yiuf
  7732 | D:6      | Noticed Maggie
  8043 | D:6      | Reached XP level 8. HP: 21/41 MP: 18/21
  8511 | D:7      | Reached skill level 8 in Spellcasting
  9097 | D:7      | Reached skill level 9 in Spellcasting
  9106 | D:7      | Reached skill level 5 in Conjurations
  9585 | D:7      | Found a staircase to the Ecumenical Temple.
  9625 | Temple   | Entered the Ecumenical Temple
  9754 | Temple   | Became a worshipper of Vehumet
 10075 | D:7      | Found Hisaudiwk's Armour Emporium.
 10139 | D:6      | Found an iron altar of Okawaru.
 10299 | D:6      | Slain by a wight

Illustrated notes

Levels and vault maps discovered:
D:1:      lightli_arrival_quake, layout_loops_ring, serial_rivers,
          chequers_serial_rivers_micro_b, chequers_serial_rivers_micro_b,
          chequers_serial_rivers_micro_b, chequers_serial_rivers_small_3,
          chequers_serial_rivers_micro_c, minmay_3d_cube
D:2:      layout_loops_ring, lemuel_crystal_altar, old_standard_altar,
          chequers_serial_rivers_micro_c, uniq_robin, uniq_jessica
D:3:      layout_loops_ring, overflow_temple_1_default, led_sif_book,
          uniq_terence
D:4:      layout_basic
D:5:      layout_gridville, serial_shops, nicolae_shop_behind_doors,
          uniq_crazy_yiuf_cottage
D:6:      layout_rooms, nicolae_overflow_hidden_temple,
          amethyst_overflow_temple_binary, minivault_5, minmay_fire_ice_demons,
          uniq_maggie
D:7:      layout_loops_ring, temple_statues, serial_shops, shop
Temple:   eino_temple_rhombus

Skill      XL: |  1  2  3  4  5  6  7  8 |
---------------+-------------------------+-----
Spellcasting   | 4 5 6 7 9 |  9.5
Fire Magic     | 4 5 6 7 8 |  8.1
Dodging        | 3 4 |  4.9
Conjurations   | 2 3 4 5 |  5.4
Stealth        | 3 |  3.0
Fighting       | |  0.9

Action                   |  1- 3 |  4- 6 |  7- 9 || total
-------------------------+-------+-------+-------++-------
Melee: Unarmed           |    14 |    19 |    12 ||    45
 Cast: Foxfire           |   114 |   256 |   304 ||   674
       Conjure Flame     |       |       |     2 ||     2
  Use: Potion            |       |     1 |     2 ||     3
       Scroll            |       |       |    16 ||    16
Armor: Robe              |     2 |    17 |    13 ||    32
       Skin              |       |    10 |    11 ||    21
Dodge: Dodged            |    27 |    62 |    66 ||   155
